 Dungeon Crawl Stone Soup version 0.29.1-4-g47bece8355 (webtiles) character file.

Game seed: 16740407323873899490

2 KittyFluff the Trooper (level 1, 0/14 HPs)
             Began as a Gargoyle Berserker on Dec 3, 2022.
             Was a Follower of Trog.
             Slain by a kobold
             ... wielding a +3 dagger
              (4 damage)
             ... on level 1 of the Dungeon.
             The game lasted 00:00:21 (78 turns).

KittyFluff the Trooper (Gargoyle Berserker)           Turns: 78, Time: 00:00:21

Health: 0/14       AC:  4    Str: 20    XL:     1   Next: 30%
Magic:  1/1        EV: 11    Int:  7    God:    Trog [*.....]
Gold:   0          SH:  0    Dex:  9    Spells: 0/0 levels left

rFire   . . .      SeeInvis .   a - +0 mace
rCold   . . .      Faith    .   (no shield)
rNeg    + . .      Spirit   .   b - +0 animal skin
rPois   ∞          Reflect  .   (no helmet)
rElec   +          Harm     .   (no cloak)
rCorr   .          Rampage  .   (no gloves)
Will    .....                   (no boots)
Stlth   +.........              (no amulet)
HPRegen 0.04/turn               (no ring)
MPRegen 0.07/turn               (no ring)

@: no status effects
A: sickness immunity, AC +2, negative energy resistance 1, electricity
resistance, torment resistance 1, petrification resistance
a: Renounce Religion, Berserk


You were on level 1 of the Dungeon.
You worshipped Trog.
Trog was aware of your devotion.
You visited 1 branch of the dungeon, and saw 1 of its levels.

Inventory:

Hand Weapons
 a - a +0 mace (weapon)
Armour
 b - a +0 animal skin (worn)
Scrolls
 c - a scroll of immolation {unknown}


   Skills:
 + Level 3.3 Fighting
 + Level 3.0 Maces & Flails
 * Level 2.2 Armour
 + Level 1.5 Dodging


You couldn't memorise any spells.
You didn't know any spells.
Your spell library was empty.

Dungeon Overview and Level Annotations

Branches:
Dungeon (1/15)

Altars:


Innate Abilities, Weirdness & Mutations

You are immune to sickness and miasma.
Your stone body is resilient. (AC +2)
You are immune to poison.
You resist negative energy. (rN+)
You are resistant to electric shocks. (rElec)
You are resistant to unholy torment.
You are immune to petrification.


Message History

Welcome, KittyFluff the Gargoyle Berserker.
Everyone else who sought the Orb of Zot has failed.
Will you be different?
Trog says: Kill them all!
Press ? for a list of commands and other information.
Found a staircase leading out of the dungeon.
Found a flail.
Found a scroll labelled UDYLLA QEOPAGH.
c - a scroll labelled UDYLLA QEOPAGH A frilled lizard comes into view.
A giant cockroach comes into view.
You miss the frilled lizard. The frilled lizard bites you.
You miss the frilled lizard. The frilled lizard barely misses you.
You completely miss the frilled lizard.
The frilled lizard bites you but does no damage.
You sock the frilled lizard!
You kill the frilled lizard!
Trog accepts your kill.
You sock the giant cockroach!
You kill the giant cockroach!
Trog accepts your kill.
You see here a giant cockroach corpse.
A kobold comes into view. It is wielding a +3 dagger.
The kobold shouts!
You hear a shout!
The kobold hits you with a +3 dagger.
A goblin comes into view. It is wielding a +0 club.
You miss the kobold. The kobold hits you with a +3 dagger.
You completely miss the kobold. The kobold hits you with a +3 dagger.
* * * LOW HITPOINT WARNING * * *
You hit the kobold.
The kobold is moderately wounded.
The kobold hits you with a +3 dagger.
You die...

#.............# #...#
#.............####...##
#.............†.......#
#.............####.....
#.............# #...#.
#.............# #...#.
#.............# ######
#..........#### #
#.....@....# #
####..K.....# .
#........# ..
#.......... ..
###....#### . ...g.#
.....# ......


You could see a goblin and a kobold.

Vanquished Creatures
  A giant cockroach (D:1)
  A frilled lizard (D:1)
2 creatures vanquished.

Notes
Turn   | Place    | Note
-------+----------+-------------------------------------------
     0 | D:1      | KittyFluff the Gargoyle Berserker began the quest for the
                  | Orb.
     0 | D:1      | Reached XP level 1. HP: 14/14 MP: 1/1
    78 | D:1      | Slain by a kobold

Illustrated notes

Levels and vault maps discovered:
D:1:      eino_arrival_druids_welcome, layout_rooms

Action                   || total
-------------------------++-------
Melee: Mace              ||     8
Armor: Animal skin       ||     1
Dodge: Dodged            ||     1
